 Dungeon Crawl Stone Soup version 0.31-a0-1074-g0b22e4e0f1 (webtiles) character file.

Game seed: 11674337373085642742

68 Smoke131 the Trooper (level 4, -2/48 HPs)
             Began as an Ogre Gladiator on Dec 1, 2023.
             Killed from afar by an orc wizard (9 damage)
             ... with a puff of flame
             ... on level 3 of the Dungeon.
             The game lasted 00:03:48 (2241 turns).

Smoke131 the Trooper (Ogre Gladiator)               Turns: 2241, Time: 00:03:48

Health: -2/48      AC:  3    Str: 20    XL:     4   Next: 19%
Magic:  4/4        EV: 10    Int:  9    God:
Gold:   120        SH:  0    Dex: 10    Spells: 3/3 levels left

rFire   . . .        a - +0 trident
rCold   . . .        (no shield)
rNeg    . . .        b - +0 robe
rPois   .            c - +0 hat
rElec   .            (no cloak)
rCorr   .            (gloves unavailable)
SInv    .            (boots unavailable)
Will    .....        (no amulet)
Stlth   +            f - ring of flight
HPRegen 0.28/turn    (no ring)
MPRegen 0.09/turn

%: no passive effects
@: flying
A: large, unfitting armour, tough skin 1
a: no special abilities


You were on level 3 of the Dungeon.
You visited 1 branch of the dungeon, and saw 3 of its levels.

You collected 120 gold pieces.

Inventory:

Hand Weapons
 a - a +0 trident (weapon)
Missiles
 d - 3 throwing nets
 e - a large rock
 g - 5 poisoned darts (quivered)
Armour
 b - a +0 robe (worn)
 c - a +0 hat (worn)
Jewellery
 f - a ring of flight (left hand)
 j - a ring of protection from cold
Scrolls
 h - a scroll of blinking {unknown}
 k - a scroll of vulnerability {unknown}
 m - a scroll of immolation {unknown}
 n - a scroll of identify {unknown}
Potions
 o - a potion of lignification {unknown}
 p - a potion of attraction {unknown}


   Skills:
 + Level 3.9 Fighting
 + Level 3.6 Polearms
 + Level 2.8 Throwing
 - Level 3.0 Dodging


You had 3 spell levels left.
You didn't know any spells.
Your spell library contained the following spells:

 Spells                   Type           Power      Damage    Failure   Level
 Foxfire                  Conj/Fire      0%         2x1d4     38%         1
 Ensorcelled Hibernation  Hex/Ice        0%         N/A       52%         2
 Passwall                 Tmut/Erth      0%         N/A       52%         2
 Swiftness                Air            0%         N/A       77%         3
 Plasma Beam              Fire/Air       0%         2x1d10    100%        6
 Starburst                Conj/Fire      0%         6d3       100%        6


Dungeon Overview and Level Annotations

Branches:
Dungeon (3/15)

Altars:
Dithmenos


Innate Abilities, Weirdness & Mutations

You are too large for most types of armour.
You have tough skin. (AC +1)


Message History

You completely miss something. Something hits you but does no damage.
You miss something. Something hits you. x2
You closely miss something. Something hits you.
You miss something. Something hits you.
You miss something.
You hear some strange, mumbled words.
A magic dart appears from out of thin air!
The magic dart hits you!
* * * LOW HITPOINT WARNING * * *
You miss something. Something hits you.
* * * LOW HITPOINT WARNING * * *
You feel better.
You hear some strange, mumbled words.
Something tries to affect you, but you resist.
Aiming: Corrosive Bolt
Press: ? - help, Shift-Dir - straight line The bolt of acid hits the orc.
The orc is severely wounded.
Something hits you but does no damage.
Aiming: Corrosive Bolt
Press: ? - help, Shift-Dir - straight line, f - orc
Aim: an orc, wielding a +0 flail and wearing a +0 leather armour (severely wounded, 71% to hit)
The bolt of acid hits the orc!
The acid corrodes the orc!
You kill the orc!
Something hits you.
* * * LOW HITPOINT WARNING * * *
Aiming: Corrosive Bolt
Press: ? - help, Shift-Dir - straight line Something hits you.
* * * LOW HITPOINT WARNING * * *
Aiming: Corrosive Bolt
Press: ? - help, Shift-Dir - straight line The now-empty wand crumbles to dust.
Something hits you but does no damage.
You miss something. Something hits you.
* * * LOW HITPOINT WARNING * * *
You miss something.
You hear some strange, mumbled words.
A puff of flame appears from out of thin air!
The puff of flame hits you!
You die...

##################
..................
####....#######.
#.##.# #. #.# #.
#)# #. #{# #o #@#
oo #)# #o #.# #.#
#.###############
#...............#
###############.#
#.## #...


There were no monsters in sight!

Vanquished Creatures
  An adder (D:3)
  3 dart slugs
  4 orcs (D:3)
  4 endoplasms
  A giant cockroach (D:2)
  3 goblins
  3 hobgoblins
  7 jackals (D:2)
  2 kobolds
  4 quokkas
  3 ball pythons (D:1)
  A bat (D:2)
  3 frilled lizards
  5 rats
44 creatures vanquished.

Notes
Turn   | Place    | Note
-------+----------+-------------------------------------------
     0 | D:1      | Smoke131 the Ogre Gladiator began the quest for the Orb.
     0 | D:1      | Reached XP level 1. HP: 22/22 MP: 1/1
   258 | D:1      | Reached XP level 2. HP: 31/31 MP: 2/2
   284 | D:1      | Found a faded altar of an unknown god.
  1081 | D:2      | Reached XP level 3. HP: 34/37 MP: 3/3
  1755 | D:2      | Found a shadowy altar of Dithmenos.
  1966 | D:3      | Reached XP level 4. HP: 3/48 MP: 4/4
  2241 | D:3      | Killed from afar by an orc wizard

Illustrated notes

Levels and vault maps discovered:
D:1:      dpeg_arrival_rooms_a, layout_basic, dreamdust_ecumenical_altar_statues
D:2:      layout_loops_cross, basic_altar
D:3:      layout_basic, grunt_temple_overflow_order_and_chaos_2,
          chequers_serial_rivers_small_b, uniq_ijyb

Skill      XL: |  1  2 |
---------------+-------+-----
Fighting       | 3 |  3.9
Dodging        | 3 |  3.0
Polearms       | |  3.6
Throwing       | |  2.8

Action                     |  1- 3 |  4- 6 || total
---------------------------+-------+-------++-------
  Melee: Trident           |   130 |    24 ||   154
         Punch             |     1 |       ||     1
  Evoke: Wand              |       |     4 ||     4
    Use: Potion            |       |     3 ||     3
 Armour: Robe              |   106 |    27 ||   133
  Dodge: Dodged            |    86 |     1 ||    87

Table legend: (Time is in decaauts)
 A = Elapsed time spent in this place.
 B = Non-inter-level travel time spent in this place.
 C = Inter-level travel time spent in this place.
 D = Time resting spent in this place.
 E = Time spent auto-exploring this place.
 F = Levels seen in this place.
 G = Mean time per level.
                   A        B        C        D        E       F      G
               +--------+--------+--------+--------+--------+-----+--------+
         Total |   2261 |   2239 |     22 |    135 |   1636 |   3 |  753.7 |
       Dungeon |   2261 |   2239 |     22 |    135 |   1636 |   3 |  753.7 |
               +--------+--------+--------+--------+--------+-----+--------+

Top non-repeatable levels by time:
     D:1: 1064 daAuts
     D:2: 802 daAuts
     D:3: 394 daAuts
